 Dungeon Crawl Stone Soup version 0.23.2-1-ga50397a (webtiles) character file.

Game seed: 12669246295790363789

268 schauveau the Covered (level 6, 0/35 HPs)
             Began as a Gargoyle Gladiator on Apr 27, 2019.
             Was an Initiate of Makhleb.
             Slain by an orc warrior
             ... wielding a +0 scimitar
              (17 damage)
             ... on level 4 of the Dungeon.
             The game lasted 00:02:55 (1307 turns).

schauveau the Covered (Gargoyle Gladiator)          Turns: 1307, Time: 00:02:56

Health: 0/35       AC: 12    Str: 19    XL:     6   Next: 21%
Magic:  6/6        EV: 11    Int:  9    God:    Makhleb [......]
Gold:   72         SH:  0    Dex: 11    Spells: 5/5 levels left

rFire    . . .     SeeInvis .   a - +0 flail
rCold    . . .     Gourm    .   (no shield)
rNeg     + . .     Faith    .   h - +0 ring mail
rPois    ∞         Spirit   .   c - +0 helmet
rElec    +         Reflect  .   (no cloak)
rCorr    .         Harm     .   (no gloves)
MR       .....                  (no boots)
Stlth    +.........             (no amulet)
HPRegen  0.11/turn              (no ring)
MPRegen  0.10/turn              (no ring)

@: no status effects
A: negative energy resistance 1, electricity resistance, unbreathing,
petrification resistance, rot immunity, AC +4
a: Renounce Religion


You were on level 4 of the Dungeon.
You worshipped Makhleb.
Makhleb was noncommittal.
You were hungry.

You visited 2 branches of the dungeon, and saw 6 of its levels.

You collected 72 gold pieces.

Inventory:

Hand Weapons
 a - a +0 flail (weapon)
Missiles
 d - 3 throwing nets (quivered)
Armour
 b - a +0 leather armour
 c - a +0 helmet (worn)
 h - a +0 ring mail (worn)
Scrolls
 e - 5 scrolls of identify
 g - 2 scrolls of blinking {unknown}
Potions
 i - a potion of brilliance
Comestibles
 f - 2 rations


   Skills:
 - Level 2.1 Fighting
 - Level 3.0 Maces & Flails
 - Level 1.7 Throwing
 + Level 6.5 Armour
 - Level 2.4 Dodging


You had 5 spell levels left.
You didn't know any spells.
Your spell library was empty.

Dungeon Overview and Level Annotations

Branches:
Dungeon (5/15)             Temple (1/1) D:4

Altars:
Ashenzari
Cheibriados
Elyvilon
Fedhas
Gozag
Kikubaaqudgha
Makhleb
Nemelex Xobeh
Qazlal
Ru
Sif Muna
Trog
Uskayaw
Vehumet
Wu Jian
Xom


Innate Abilities, Weirdness & Mutations

You are resistant to torment.
Your stone body is resilient. (AC +4)
You are immune to poison.
You resist negative energy. (rN+)
You are resistant to electric shocks. (rElec)
You can survive without breathing.
You are immune to petrification.
You are immune to rotting.


Message History

There is a stone staircase leading up here.
You climb upwards.
The orc shouts! x2; The orc warrior shouts!
The orc shouts! x2
A bat comes into view.
A quokka comes into view.
The orc closely misses you. The orc hits you with a +0 hand axe.
The orc warrior hits you with a +0 scimitar.
The orc closely misses you. The orc barely misses you.
The orc hits you with a +0 hand axe.
The orc warrior hits you with a +0 scimitar!
Found 13 poisoned needles, 16 arrows and a ration.
There is a stone staircase leading down here.
The bat closely misses you. x2; The orc hits you but does no damage.
The orc hits you with a +0 dagger. The orc closely misses you.
You climb downwards.
There is a stone staircase leading up here.
You hit the bat.
The bat is severely wounded.
The bat hits you but does no damage.
The orc warrior hits you with a +0 scimitar!
You die...

.# #.#...###.#
#.####...####. ##
#...#.....#
#......#......
###...#####
#####...##### ##.##
#........... #.#
#.###.###### #.#
#.# #.#
#.########## #.#
#.# #........oo#
#.# #.#
##########@### #.#
#.# ........oo.#
#.# #..
########.#<# #.#
### #b#.###.#
#....##.#
###..##.#####.#
#######..##........
#...........#####.#
#.###.######<#


You could see an orc warrior, 3 orcs and a bat.

Vanquished Creatures
  A phantom (D:4)
  A scorpion (D:4)
  3 worker ants
  A hound skeleton (D:4)
  2 adders
  4 orcs
  2 giant cockroaches
  2 goblins
  2 hobgoblins
  3 jackals (D:4)
  6 kobolds
  2 bats
  A frilled lizard (D:2)
  A leopard gecko skeleton (D:4)
  A rat (D:2)
32 creatures vanquished.

Notes
Turn   | Place    | Note
-------+----------+-------------------------------------------
     0 | D:1      | schauveau the Gargoyle Gladiator began the quest for the
                  | Orb.
     0 | D:1      | Reached XP level 1. HP: 12/12 MP: 1/1
    55 | D:2      | Reached skill level 1 in Armour
   108 | D:2      | Reached skill level 2 in Armour
   108 | D:2      | Reached XP level 2. HP: 10/17 MP: 2/2
   522 | D:3      | Reached XP level 3. HP: 20/21 MP: 3/3
   539 | D:3      | Reached skill level 3 in Armour
   652 | D:4      | Noticed a scorpion
   665 | D:4      | Killed a scorpion
   665 | D:4      | Reached skill level 4 in Armour
   665 | D:4      | Reached XP level 4. HP: 25/26 MP: 4/4
   691 | D:4      | Reached skill level 5 in Armour
   691 | D:4      | Reached XP level 5. HP: 30/30 MP: 5/5
   727 | D:4      | Noticed a phantom
   729 | D:5      | Entered Level 5 of the Dungeon
   755 | D:4      | Killed a phantom
   755 | D:4      | Reached skill level 6 in Armour
   946 | D:4      | Reached XP level 6. HP: 32/35 MP: 6/6
   953 | D:4      | Found a staircase to the Ecumenical Temple.
  1027 | Temple   | Entered the Ecumenical Temple
  1218 | Temple   | Became a worshipper of Makhleb the Destroyer
  1304 | D:3      | Noticed an orc warrior
  1307 | D:4      | Slain by an orc warrior

Skill      XL: |  1  2  3  4  5 |
---------------+----------------+-----
Armour         | 2 4 5 6 |  6.5
Fighting       | |  2.1
Maces & Flails | |  3.0
Throwing       | |  1.7
Dodging        | |  2.4

Action                   |  1- 3 |  4- 6 || total
-------------------------+-------+-------++-------
Melee: Flail             |    86 |    65 ||   151
  Use: Scroll            |     2 |       ||     2
  Eat: Chunk             |       |     1 ||     1
Armor: Leather armour    |    21 |       ||    21
       Ring mail         |    20 |    48 ||    68
Dodge: Dodged            |    73 |    40 ||   113
